PBL
PORTLAND ANGELS @ MIAMI BEACH MARLINS
06/01/2049
 
TOP OF THE 1ST
Portland Angels batting - Pitching for Miami Beach Marlins : RHP Du-sung Kym
Pitching: RHP Du-sung Kym
Batting: RHB Jose Garduno 0-0: Called Strike
0-1: Ball
1-1: Fly out, F7 (Line Drive, 78D, EV 85.6 MPH)
Batting: LHB Miguel Hernandez 0-0: Ball
1-0: Foul Ball, location: 2F
1-1: Ground out 4-3 (Groundball, 4, EV 106.2 MPH)
Batting: RHB Alex Rosaly 0-0: Ball
1-0: Ball
2-0: Ball
3-0: Foul Ball, location: 2F
3-1: Fly out, F7 (Flyball, 78S, EV 90.6 MPH)
Top of the 1st over - 0 runs, 0 hits, 0 errors, 0 left on base; Portland 0 - Miami Beach 0
BOTTOM OF THE 1ST
Miami Beach Marlins batting - Pitching for Portland Angels : RHP Myeong-wan Kym
Pitching: RHP Myeong-wan Kym
Batting: LHB Luis Ortegon 0-0: Ball
1-0: Ball
2-0: DOUBLE (Line Drive, 9LM, EV 96.9 MPH)
Batting: RHB Jim Smallwood 0-0: Ball
1-0: DOUBLE (Groundball, 5L, EV 103.8 MPH)
Luis Ortegon scores
Batting: RHB Torquato Uso 0-0: Foul Ball, location: 2F
0-1: SINGLE (Groundball, 6S, EV 73.8 MPH) (infield hit)
Jim Smallwood to third
Batting: SHB Emmet Brickowski 0-0: Ball
Torquato Uso steals 2nd base
1-0: Ball
2-0: Ball
3-0: Swinging Strike
3-1: Foul Ball, location: 2F
3-2: Foul Ball, location: 2F
3-2: Strikes out looking
Batting: RHB Melvin Nava 0-0: Foul Ball, location: 2F
0-1: Ball
1-1: Foul Ball, location: 2F
1-2: Ball
2-2: Ball
3-2: Base on Balls
Batting: LHB Henry Huezo 0-0: Ground out 5-3 (Groundball, 56, EV 89.4 MPH)
Jim Smallwood scores
Torquato Uso to third
Melvin Nava to second
Batting: RHB Mario Cota 0-0: Foul Ball, location: 2F
0-1: Ground out 1-3 (Groundball, 34S, EV 68.1 MPH)
Bottom of the 1st over - 2 runs, 3 hits, 0 errors, 2 left on base; Portland 0 - Miami Beach 2
TOP OF THE 2ND
Portland Angels batting - Pitching for Miami Beach Marlins : RHP Du-sung Kym
Batting: RHB Mario Martinez 0-0: Foul Ball, location: 2F
0-1: Ball
1-1: Ball
2-1: Ball
3-1: Swinging Strike
3-2: Fly out, F9 (Flyball, 89D, EV 101.9 MPH)
Batting: RHB Jayden Hollaway 0-0: Ball
1-0: Ball
2-0: Foul Ball, location: 2F
2-1: Swinging Strike
2-2: Ball
3-2: Strikes out swinging
Batting: LHB John Harvey 0-0: Called Strike
0-1: Called Strike
0-2: Ground out U3 (Groundball, 3, EV 101.9 MPH)
Top of the 2nd over - 0 runs, 0 hits, 0 errors, 0 left on base; Portland 0 - Miami Beach 2
BOTTOM OF THE 2ND
Miami Beach Marlins batting - Pitching for Portland Angels : RHP Myeong-wan Kym
Batting: RHB Mike Day 0-0: Ball
1-0: Fly out, F8 (Flyball, 8LM, EV 90.0 MPH)
Batting: RHB Timo Myers 0-0: SINGLE (Line Drive, 4D, EV 111.2 MPH)
Batting: LHB Luis Ortegon 0-0: SINGLE (Groundball, 4M, EV 103.1 MPH) (infield hit)
Timo Myers to second
Batting: RHB Jim Smallwood 0-0: Ball
1-0: Ball
2-0: Foul Ball, location: 2F
2-1: Ball
3-1: Foul Ball, location: 2F
3-2: Base on Balls
Timo Myers to third
Luis Ortegon to second
Batting: RHB Torquato Uso 0-0: Swinging Strike
0-1: Foul Ball, location: 2F
0-2: Ball
1-2: Ball
2-2: Foul Ball, location: 2F
2-2: Fielders Choice at 2nd, 4-6 (Groundball, 4, EV 80.6 MPH)
Timo Myers scores
Luis Ortegon to third
Batting: SHB Emmet Brickowski 0-0: Called Strike
0-1: Ball
1-1: Foul Ball, location: 2F
1-2: Ground out 4-3 (Groundball, 4D, EV 99.4 MPH)
Bottom of the 2nd over - 1 run, 2 hits, 0 errors, 2 left on base; Portland 0 - Miami Beach 3
TOP OF THE 3RD
Portland Angels batting - Pitching for Miami Beach Marlins : RHP Du-sung Kym
Batting: LHB Lupe Garcia 0-0: Foul Ball, location: 2F
0-1: Ball
1-1: Ball
2-1: Ground out 6-3 (Groundball, 6M, EV 76.9 MPH)
Batting: RHB Ken Beck 0-0: Ball
1-0: Ground out 6-3 (Groundball, 6, EV 84.4 MPH)
Batting: LHB Matt Herndon 0-0: Called Strike
0-1: Foul Ball, location: 2F
0-2: Strikes out swinging
Top of the 3rd over - 0 runs, 0 hits, 0 errors, 0 left on base; Portland 0 - Miami Beach 3
BOTTOM OF THE 3RD
Miami Beach Marlins batting - Pitching for Portland Angels : RHP Myeong-wan Kym
Batting: RHB Melvin Nava 0-0: Called Strike
0-1: SOLO HOME RUN (Flyball, 7D, EV 100.0 MPH), Distance : 399 ft
Batting: LHB Henry Huezo 0-0: Called Strike
0-1: Ball
1-1: Ball
2-1: Foul Ball, location: 2F
2-2: Ball
3-2: Fly out, F9 (Flyball, 9D, EV 92.5 MPH)
Batting: RHB Mario Cota 0-0: Called Strike
0-1: Ball
1-1: Ball
2-1: Swinging Strike
2-2: Foul Ball, location: 2F
2-2: Ball
3-2: Strikes out swinging
Batting: RHB Mike Day 0-0: Ball
1-0: Ball
2-0: Called Strike
2-1: Swinging Strike
2-2: Strikes out looking
Bottom of the 3rd over - 1 run, 1 hit, 0 errors, 0 left on base; Portland 0 - Miami Beach 4
TOP OF THE 4TH
Portland Angels batting - Pitching for Miami Beach Marlins : RHP Du-sung Kym
Batting: RHB Jose Garduno 0-0: Ground out 5-3 (Groundball, 56, EV 81.2 MPH)
Batting: LHB Miguel Hernandez 0-0: Ground out 1-3 (Groundball, 13S, EV 62.5 MPH)
Batting: RHB Alex Rosaly 0-0: Swinging Strike
0-1: Ball
1-1: Ball
2-1: Swinging Strike
2-2: Ball
3-2: Strikes out swinging
Top of the 4th over - 0 runs, 0 hits, 0 errors, 0 left on base; Portland 0 - Miami Beach 4
BOTTOM OF THE 4TH
Miami Beach Marlins batting - Pitching for Portland Angels : RHP Myeong-wan Kym
Batting: RHB Timo Myers 0-0: Called Strike
0-1: Swinging Strike
0-2: Ball
1-2: Ball
2-2: Strikes out looking
Batting: LHB Luis Ortegon 0-0: Foul Ball, location: 2F
0-1: Ground out 5-3 (Groundball, 56, EV 90.6 MPH)
Batting: RHB Jim Smallwood 0-0: Swinging Strike
0-1: Foul Ball, location: 2F
0-2: Strikes out swinging
Bottom of the 4th over - 0 runs, 0 hits, 0 errors, 0 left on base; Portland 0 - Miami Beach 4
TOP OF THE 5TH
Portland Angels batting - Pitching for Miami Beach Marlins : RHP Du-sung Kym
Batting: RHB Mario Martinez 0-0: Swinging Strike
0-1: Ball
1-1: Ball
2-1: Ball
3-1: Called Strike
3-2: Strikes out looking
Batting: RHB Jayden Hollaway 0-0: Called Strike
0-1: Foul Ball, location: 2F
0-2: Ball
1-2: Ground out 5-3 (Groundball, 5, EV 85.6 MPH)
Batting: LHB John Harvey 0-0: Foul Ball, location: 2F
0-1: Ball
1-1: Ball
2-1: Foul Ball, location: 2F
2-2: Foul Ball, location: 2F
2-2: Ball
3-2: Foul Ball, location: 2F
3-2: Foul Ball, location: 2F
3-2: Base on Balls
Batting: LHB Lupe Garcia 0-0: Ball
1-0: Swinging Strike
1-1: Ball
2-1: Ball
3-1: Foul Ball, location: 2F
3-2: Foul Ball, location: 2F
3-2: Fly out, F7 (Flyball, 78M, EV 90.0 MPH)
Top of the 5th over - 0 runs, 0 hits, 0 errors, 1 left on base; Portland 0 - Miami Beach 4
BOTTOM OF THE 5TH
Miami Beach Marlins batting - Pitching for Portland Angels : RHP Myeong-wan Kym
Batting: RHB Torquato Uso 0-0: Called Strike
0-1: Ball
1-1: Ball
2-1: Swinging Strike
2-2: Foul Ball, location: 2F
2-2: Foul Ball, location: 2F
2-2: Ball
3-2: SINGLE (Line Drive, 4MD, EV 103.8 MPH)
Pitching: LHP Benjie Dalaque
Batting: SHB Emmet Brickowski 0-0: Called Strike
0-1: Foul Ball, location: 2F
0-2: Ball
1-2: Ball
2-2: Fly out, F8 (Flyball, 8RM, EV 93.1 MPH)
Batting: RHB Melvin Nava 0-0: Ball
1-0: Called Strike
1-1: Ball
Torquato Uso steals 2nd base
2-1: Called Strike
2-2: Foul Ball, location: 2F
2-2: Foul Ball, location: 2F
2-2: Foul Ball, location: 2F
2-2: DOUBLE (Flyball, 8RXD, EV 96.9 MPH)
Torquato Uso scores
Batting: LHB Henry Huezo 0-0: Called Strike
0-1: Foul Ball, location: 2F
0-2: Ball
1-2: Foul Ball, location: 2F
1-2: 2-RUN HOME RUN (Flyball, 9D, EV 95.6 MPH), Distance : 391 ft
Batting: RHB Mario Cota 0-0: Fly out, F7 (Flyball, 78D, EV 85.0 MPH)
Batting: RHB Mike Day 0-0: Ball
1-0: Called Strike
1-1: Ball
2-1: Foul Ball, location: 2F
2-2: Strikes out swinging
Bottom of the 5th over - 3 runs, 3 hits, 0 errors, 0 left on base; Portland 0 - Miami Beach 7
TOP OF THE 6TH
Portland Angels batting - Pitching for Miami Beach Marlins : RHP Du-sung Kym
Batting: RHB Ken Beck 0-0: Called Strike
0-1: Called Strike
0-2: Foul Ball, location: 2F
0-2: Strikes out swinging
Batting: LHB Matt Herndon 0-0: Ball
1-0: Ball
2-0: Foul Ball, location: 2F
2-1: Ball
3-1: Base on Balls
Batting: RHB Jose Garduno 0-0: Ball
1-0: Fly out, F8 (Flyball, 8RD, EV 95.6 MPH)
Batting: LHB Miguel Hernandez 0-0: SINGLE (Groundball, 4MD, EV 110.0 MPH) (infield hit)
Matt Herndon to second
Batting: RHB Alex Rosaly 0-0: Ball
1-0: Ball
2-0: Foul Ball, location: 2F
2-1: Swinging Strike
2-2: Foul Ball, location: 2F
2-2: Foul Ball, location: 2F
2-2: Foul Ball, location: 2F
2-2: Foul Ball, location: 2F
2-2: Strikes out swinging
Top of the 6th over - 0 runs, 1 hit, 0 errors, 2 left on base; Portland 0 - Miami Beach 7
BOTTOM OF THE 6TH
Miami Beach Marlins batting - Pitching for Portland Angels : LHP Benjie Dalaque
Batting: RHB Timo Myers 0-0: Ball
1-0: Ground out 1-3 (Groundball, P, EV 73.8 MPH)
Batting: LHB Luis Ortegon 0-0: Called Strike
0-1: Ball
1-1: Swinging Strike
1-2: Foul Ball, location: 2F
1-2: Ball
2-2: Foul Ball, location: 2F
2-2: Ground out U3 (Groundball, 3, EV 100.0 MPH)
Batting: RHB Jim Smallwood 0-0: Ball
1-0: Fly out, F5 (Popup, 5, EV 63.8 MPH)
Bottom of the 6th over - 0 runs, 0 hits, 0 errors, 0 left on base; Portland 0 - Miami Beach 7
TOP OF THE 7TH
Portland Angels batting - Pitching for Miami Beach Marlins : RHP Du-sung Kym
Pinch Hitting: SHB Jonathan Barrie 0-0: Ball
1-0: Called Strike
1-1: Foul Ball, location: 2F
1-2: Strikes out looking
Batting: RHB Jayden Hollaway 0-0: Called Strike
0-1: Foul Ball, location: 2F
0-2: Strikes out swinging
Batting: LHB John Harvey 0-0: Ball
1-0: Called Strike
1-1: Ball
2-1: Foul Ball, location: 2F
2-2: Foul Ball, location: 2F
2-2: Foul Ball, location: 2F
2-2: Strikes out swinging
Top of the 7th over - 0 runs, 0 hits, 0 errors, 0 left on base; Portland 0 - Miami Beach 7
BOTTOM OF THE 7TH
Miami Beach Marlins batting - Pitching for Portland Angels : LHP Benjie Dalaque
Now at 3B: Jonathan Barrie
Pinch Hitting: RHB Corbin Chauvin 0-0: Ball
1-0: Ball
2-0: Foul Ball, location: 2F
2-1: Swinging Strike
2-2: Ball
3-2: Strikes out looking
Pinch Hitting: RHB Elliott Pye 0-0: Ball
1-0: Foul Ball, location: 2F
1-1: Foul Ball, location: 2F
1-2: Ball
2-2: SOLO HOME RUN (Flyball, 7D, EV 108.1 MPH), Distance : 394 ft
Pinch Hitting: SHB Brent King 0-0: Swinging Strike
0-1: Called Strike
0-2: Ball
1-2: Strikes out swinging
Pinch Hitting: RHB Cody Leonard 0-0: Ball
1-0: Foul Ball, location: 2F
1-1: Fly out, F7 (Line Drive, 7D, EV 95.6 MPH)
Bottom of the 7th over - 1 run, 1 hit, 0 errors, 0 left on base; Portland 0 - Miami Beach 8
TOP OF THE 8TH
Portland Angels batting - Pitching for Miami Beach Marlins : RHP Du-sung Kym
Now at 1B: Wen-huan Zhu
Now at 2B: Elliott Pye
Now at SS: Corbin Chauvin
Now in LF: Cody Leonard
Batting: LHB Lupe Garcia 0-0: Foul Ball, location: 2F
0-1: Ball
1-1: Foul Ball, location: 2F
1-2: Foul Ball, location: 2F
1-2: Foul Ball, location: 2F
1-2: Ball
2-2: Ball
3-2: Foul Ball, location: 2F
3-2: Foul Ball, location: 2F
3-2: Foul Ball, location: 2F
3-2: Base on Balls
Pinch Hitting: LHB Jon Rahn 0-0: Called Strike
0-1: Ball
1-1: Ball
2-1: Swinging Strike
2-2: Strikes out swinging
Pinch Hitting: RHB Esteban Rangel 0-0: Swinging Strike
0-1: Ball
1-1: Foul Ball, location: 2F
1-2: Ball
2-2: Ball
3-2: Foul Ball, location: 2F
3-2: Base on Balls
Lupe Garcia to second
Batting: RHB Jose Garduno 0-0: Ball
1-0: Called Strike
1-1: Swinging Strike
1-2: Ball
2-2: Reached on error, E4 (Groundball, 4, EV 111.2 MPH)
Lupe Garcia to third
Esteban Rangel to second
Pinch Hitting: RHB Dan Contreras 0-0: Ball
1-0: SINGLE (Line Drive, 4MD, EV 100.6 MPH)
Lupe Garcia scores
Esteban Rangel to third
Jose Garduno to second
Pitching: RHP Konoye Murakami
Pinch Hitting: RHB Brett Wilk 0-0: Swinging Strike
0-1: DOUBLE (Line Drive, 9LM, EV 106.2 MPH)
Esteban Rangel scores
Jose Garduno scores
Dan Contreras to third
Pinch Hitting: RHB Eric Hays 0-0: Ball
1-0: Ball
2-0: Called Strike
2-1: Foul Ball, location: 2F
2-2: Foul Ball, location: 2F
2-2: Fly out, F8 (Flyball, 8RD, EV 101.9 MPH)
Runner from 3rd tags up, SCORES, throw by CF
Batting: RHB Jayden Hollaway 0-0: Ball
1-0: SINGLE (Groundball, 34, EV 96.9 MPH)
Brett Wilk to third
Batting: LHB John Harvey 0-0: Ball
1-0: Ball
2-0: Foul Ball, location: 2F
2-1: Foul Ball, location: 2F
2-2: Ground out 1-3 (Groundball, P, EV 73.1 MPH)
Top of the 8th over - 4 runs, 3 hits, 1 error, 2 left on base; Portland 4 - Miami Beach 8
BOTTOM OF THE 8TH
Miami Beach Marlins batting - Pitching for Portland Angels : LHP Benjie Dalaque
Pitching: LHP Ismael Flores
Now at 1B: Esteban Rangel
Now at 3B: Eric Hays
Now in LF: Lourens Aukema
Now in CF: Dan Contreras
Now in RF: Dustin Watling
Batting: RHB Mario Cota 0-0: Called Strike
0-1: Ball
1-1: Ball
2-1: Ball
3-1: Ground out 6-3 (Groundball, 56, EV 89.4 MPH)
Batting: RHB Mike Day 0-0: Ball
1-0: Foul Ball, location: 2F
1-1: Ball
2-1: Ball
3-1: SINGLE (Line Drive, 78M, EV 95.0 MPH)
Batting: RHB Timo Myers 0-0: Foul Ball, location: 2F
0-1: Ball
1-1: Foul Ball, location: 2F
1-2: Ball
2-2: Strikes out looking
Batting: LHB Luis Ortegon 0-0: Ball
1-0: Ball
2-0: Foul Ball, location: 2F
2-1: SINGLE (Groundball, 4MD, EV 100.0 MPH)
Mike Day to second
Runner from 2nd tries for 3rd, SAFE, throw by CF made to third
Batting: RHB Jim Smallwood 0-0: Swinging Strike
0-1: Ball
1-1: Ball
2-1: Ball
3-1: Fielders Choice at 2nd, 6-4 (Groundball, 6, EV 93.8 MPH)
Bottom of the 8th over - 0 runs, 2 hits, 0 errors, 2 left on base; Portland 4 - Miami Beach 8
TOP OF THE 9TH
Portland Angels batting - Pitching for Miami Beach Marlins : RHP Konoye Murakami
Batting: LHB Lupe Garcia 0-0: Called Strike
0-1: Ball
1-1: Foul Ball, location: 2F
1-2: Ball
2-2: Foul Ball, location: 2F
2-2: Ball
3-2: Ground out 4-3 (Groundball, 4, EV 80.6 MPH)
Batting: LHB Lourens Aukema 0-0: Called Strike
0-1: Ground out 6-3 (Groundball, 6M, EV 103.8 MPH)
Batting: RHB Esteban Rangel 0-0: Ball
1-0: Ground out 6-3 (Groundball, 6, EV 84.4 MPH)
Top of the 9th over - 0 runs, 0 hits, 0 errors, 0 left on base; Portland 4 - Miami Beach 8
Sunday, July 16th , 2023 - OOTP Baseball 24.6 Build 69